 Dungeon Crawl Stone Soup version 0.25.1-2-g60ff931df9 (webtiles) character file.

Game seed: 10890974334499831070

37597 osmosisch the Impaler (level 13, -13/122 HPs)
             Began as a Minotaur Berserker on Sept 30, 2020.
             Was the Champion of Trog.
             Mangled by a komodo dragon (19 damage)
             ... on level 6 of the Lair of Beasts on Oct 1, 2020.
             The game lasted 01:08:03 (17067 turns).

osmosisch the Impaler (Minotaur Berserker)         Turns: 17067, Time: 01:08:06

Health: -13/122    AC: 26    Str: 26    XL:     13   Next: 59%
Magic:  0/12       EV:  9    Int:  4    God:    Trog [******]
Gold:   1257       SH:  0    Dex: 11    Spells: 12/12 levels left

rFire    + . .     SeeInvis .   P - +6 glaive of the Blue Skies {venom, rF+ rN+}
rCold    . . .     Gourm    .   (shield currently unavailable)
rNeg     + . .     Faith    .   o - +0 plate armour
rPois    .         Spirit   +   (helmet restricted)
rElec    .         Reflect  .   (no cloak)
rCorr    .         Harm     .   l - +0 pair of gloves
MR       +++..                  A - +0 pair of boots
Stlth    ..........             Z - amulet of guardian spirit
HPRegen  1.30/turn              D - ring of protection from magic
MPRegen  0.13/turn              u - ring of Robustness {AC+8}

@: lethally poisoned (-13 -> -14), berserk cooldown, regenerating
A: retaliatory headbutt, horns 2
a: Berserk, Trog's Hand, Brothers in Arms, Renounce Religion


You were on level 6 of the Lair of Beasts.
You worshipped Trog.
Trog was exalted by your worship.
You were very hungry.

You visited 2 branches of the dungeon, and saw 16 of its levels.

You collected 1257 gold pieces.

Inventory:

Hand Weapons
 r - a +3 halberd of flaming
 C - a +3 flail of holy wrath
 E - the +12 dagger of Dithmenos {vorpal, +Fly rElec Str+3 Int+2}
   (You found it on level 10 of the Dungeon)

   It inflicts extra damage upon your enemies.
   It affects your strength (+3).
   It affects your intelligence (+2).
   It insulates you from electricity.
   It lets you fly.
 P - the +6 glaive of the Blue Skies (weapon) {venom, rF+ rN+}
   (You found it on level 6 of the Dungeon)

   It poisons the flesh of those it strikes.
   It protects you from fire.
   It protects you from negative energy.
 T - a +0 shortbow of freezing
 X - a +3 antimagic dire flail
 Y - a +3 trident of protection
Missiles
 U - 163 arrows
Armour
 e - a +0 troll leather armour
 l - a +0 pair of gloves (worn)
 o - a +0 plate armour (worn)
 A - a +0 pair of boots (worn)
Jewellery
 d - an uncursed amulet of magic regeneration
 j - an uncursed ring of positive energy
 u - the ring of Robustness (right hand) {AC+8}
   (You took it off a centaur on level 10 of the Dungeon)

   [ring of protection]

   It affects your AC (+8).
 D - a ring of protection from magic (left hand)
 R - an uncursed ring of resist corrosion
 Z - an amulet of guardian spirit (around neck)
Wands
 a - a wand of acid (20)
 x - a wand of iceblast (8)
 y - a wand of polymorph (33)
 L - a wand of flame (43)
 W - a wand of digging (12)
Scrolls
 b - 2 scrolls of noise {unknown}
 g - 9 scrolls of teleportation
 i - 8 scrolls of identify
 k - 3 scrolls of immolation {unknown}
 m - 7 scrolls of remove curse {unknown}
 p - 4 scrolls of enchant weapon {unknown}
 q - 3 scrolls of enchant armour {unknown}
 v - 3 scrolls of blinking {unknown}
 w - a scroll of fear {unknown}
 F - 3 scrolls of magic mapping {unknown}
 H - 5 scrolls of fog {unknown}
 J - a scroll of random uselessness {unknown}
 N - 4 scrolls of amnesia {unknown}
Potions
 f - 3 potions of cancellation {unknown}
 h - a potion of magic
 n - a potion of might
 s - 2 potions of flight
 t - a potion of brilliance {unknown}
 z - 5 potions of heal wounds {unknown}
 B - 7 potions of curing
 G - 2 potions of resistance {unknown}
 I - 2 potions of lignification {unknown}
 K - a potion of invisibility {unknown}
 M - a potion of haste {unknown}
 O - 3 potions of degeneration {unknown}
 S - 2 potions of berserk rage
 V - a potion of mutation {unknown}
Comestibles
 c - 47 rations
 Q - 11 chunks of flesh


   Skills:
 + Level 13.3 Fighting
   Level 3.7(13.4) Axes
 + Level 7.5(7.9) Maces & Flails
 + Level 18.0(18.1) Polearms
 + Level 0.4 Throwing
 + Level 12.6 Armour
 + Level 4.3 Dodging
 + Level 2.5 Stealth
   Level 0.2 Shields
 + Level 0.3 Evocations


You had 12 spell levels left.
You didn't know any spells.
Your spell library was empty.

Dungeon Overview and Level Annotations

Branches:
Dungeon (10/15)            Temple (0/1) D:4            Lair (6/6) D:9
  Swamp (0/4) Lair:3       Spider (0/4) Lair:2        Slime (0/5) Lair:6
    Orc (0/2) D:10

Altars:
Dithmenos
Elyvilon
Hepliaklqana
Kikubaaqudgha
Qazlal
Ru
Sif Muna
Trog
Uskayaw
Vehumet
Yredelemnul
Zin
The Shining One
Jiyva

Annotations:
D:8 1 runed translucent door
Lair:5 exclusion: oklob plant


Innate Abilities, Weirdness & Mutations

You reflexively headbutt those who attack you in melee.
You have a pair of horns on your head.


Message History

You kill the crocodile!
Trog accepts your kill.
The komodo dragon bites you but does no damage.
You completely miss the komodo dragon. You headbutt the komodo dragon.
The komodo dragon is lightly wounded.
The komodo dragon bites you but does no damage.
The spiny frog barely misses you.
You barely miss the komodo dragon. You headbutt the komodo dragon.
The komodo dragon is lightly wounded.
The spiny frog stings you!
* * * LOW HITPOINT WARNING * * *
The komodo dragon bites you but does no damage.
You slice the spiny frog!!
You headbutt the spiny frog, but do no damage.
The spiny frog is severely wounded.
The spiny frog stings you!
* * * LOW HITPOINT WARNING * * *
You are poisoned.
The spiny frog poisons you! The komodo dragon bites you!!
You die...

#P.........
#..........
#..........
#.........$
##......###
##.....##
##......#
#Fl..P...#
#@#.......#
##.........
.........
.........
.#####....
#..


You could see a komodo dragon and a spiny frog.

Vanquished Creatures
  Josephine (Lair:5)
  3 hydras
  A catoblepas (Lair:3)
  Erica (D:9)
  3 two-headed ogres (D:10)
  4 death yaks (Lair:6)
  Nergalle (Lair:2)
  A wolf spider (Lair:2)
  2 cyclopes (D:10)
  2 black mambas
  3 gargoyles (D:10)
  2 rime drakes
  7 spiny frogs
  An efreet (D:10)
  6 komodo dragons
  A polar bear (Lair:3)
  3 trolls
  Prince Ribbit (D:7)
  9 blink frogs
  5 hippogriffs
  A shadow (D:10)
  5 wraiths
  31 yaks
  A basilisk (Lair:5)
  A steam dragon (D:8)
  Grum (D:7)
  A hungry ghost (D:9)
  24 water moccasins
  13 porcupines
  4 sky beasts
  A black bear (D:10)
  An ice beast (D:9)
  3 phantoms
  16 wolves
  A boggart (D:10)
  6 centaurs
  2 ogres (D:8)
  11 crocodiles
  4 big kobolds
  13 bullfrogs
  3 gnoll sergeants
  6 scorpions
  5 killer bees (D:7)
  8 wights (D:7)
  An electric eel (Lair:1)
  A howler monkey (D:4)
  3 crimson imps
  12 hounds
  2 quasits
  2 bullfrog zombies
  3 bullfrog skeletons
  4 jellies
  7 orc priests
  3 gnoll shamans
  4 iguanas
  14 orc wizards
  14 worker ants
  A killer bee zombie (D:8)
  A hound zombie (D:10)
  A hound skeleton (D:8)
  A worker ant zombie (D:10)
  19 adders
  28 gnolls
  2 shadow imps
  An ooze (D:1)
  An adder skeleton (D:9)
  2 adder zombies (D:9)
  3 worms (D:2)
  2 dart slugs (D:1)
  11 leopard geckos
  50 orcs
  6 bats
  14 giant cockroaches
  7 goblins
  13 hobgoblins
  5 jackals (D:7)
  4 quokkas
  A ball python (D:3)
  A frilled lizard (D:3)
  A jackal skeleton (D:4)
  29 kobolds
  7 rats
  A fungus (Lair:1)
501 creatures vanquished.

Vanquished Creatures (others)
  An orc wizard (D:3)
  4 fungi
  A plant (Lair:1)
6 creatures vanquished.

Grand Total: 507 creatures vanquished

Notes
Turn   | Place    | Note
-------+----------+-------------------------------------------
     0 | D:1      | osmosisch the Minotaur Berserker began the quest for the
                  | Orb.
     0 | D:1      | Reached XP level 1. HP: 19/19 MP: 0/0
    78 | D:1      | Reached skill level 4 in Polearms
   298 | D:1      | Reached XP level 2. HP: 22/27 MP: 1/1
   654 | D:1      | Reached XP level 3. HP: 33/33 MP: 2/2
   663 | D:1      | Reached ** piety under Trog
  1404 | D:2      | Found a sacrificial altar of Ru.
  1407 | D:2      | Found a white marble altar of Elyvilon.
  1407 | D:2      | Found a bloodstained altar of Trog.
  1511 | D:2      | Found a hazy altar of Hepliaklqana.
  1512 | D:2      | Found a shadowy altar of Dithmenos.
  1512 | D:2      | Noticed a shadow
  1558 | D:2      | Reached XP level 4. HP: 37/41 MP: 3/3
  1703 | D:2      | Reached skill level 5 in Polearms
  1709 | D:2      | Found a glowing silver altar of Zin.
  2215 | D:3      | Reached XP level 5. HP: 41/47 MP: 4/4
  2529 | D:3      | Reached *** piety under Trog
  2738 | D:4      | Reached skill level 5 in Fighting
  2738 | D:4      | Reached skill level 6 in Polearms
  2826 | D:4      | Reached XP level 6. HP: 56/56 MP: 5/5
  2864 | D:4      | Found an ancient bone altar of Kikubaaqudgha.
  2889 | D:4      | Found a radiant altar of Vehumet.
  2891 | D:4      | Found a shimmering blue altar of Sif Muna.
  3087 | D:4      | Reached skill level 1 in Maces & Flails
  3089 | D:4      | Reached skill level 7 in Polearms
  3136 | D:4      | Found a staircase to the Ecumenical Temple.
  3348 | D:4      | Reached XP level 7. HP: 61/61 MP: 6/6
  3550 | D:5      | Entered Level 5 of the Dungeon
  3625 | D:5      | Reached skill level 5 in Armour
  3964 | D:5      | Reached **** piety under Trog
  4320 | D:5      | Found a hide-covered altar of Uskayaw.
  4421 | D:5      | Reached XP level 8. HP: 70/70 MP: 7/7
  4483 | D:6      | Reached skill level 5 in Maces & Flails
  5220 | D:6      | Found a radiant altar of Vehumet.
  5229 | D:6      | Got a twisted glaive
  5337 | D:6      | Identified the +6 glaive of the Blue Skies {venom, rF+ rN+}
                  | (You found it on level 6 of the Dungeon)
  5654 | D:7      | Reached XP level 9. HP: 70/79 MP: 8/8
  5703 | D:7      | Reached skill level 8 in Polearms
  5978 | D:7      | Reached ***** piety under Trog
  5986 | D:7      | Noticed Prince Ribbit
  5997 | D:7      | Killed Prince Ribbit
  5997 | D:7      | Reached skill level 9 in Polearms
  6422 | D:7      | Noticed Grum
  6426 | D:7      | Killed Grum
  6426 | D:7      | Reached skill level 10 in Polearms
  6932 | D:7      | Found a glowing golden altar of the Shining One.
  6940 | D:7      | Found a stormy altar of Qazlal.
  6943 | D:7      | Found a basalt altar of Yredelemnul.
  7198 | D:8      | Found a runed translucent door.
  7208 | D:8      | Found a runed translucent door.
  7334 | D:8      | Reached skill level 11 in Polearms
  7334 | D:8      | Reached XP level 10. HP: 77/90 MP: 9/9
  7966 | D:8      | Reached skill level 1 in Stealth
  8104 | D:9      | Got a translucent flail
  8105 | D:9      | Identified the cursed +1 flail "Befor" {vorpal, Str+4 SInv}
                  | (You found it on level 9 of the Dungeon)
  8165 | D:9      | Received a gift from Trog
  8300 | D:9      | Found a staircase to the Lair.
  8342 | D:9      | Reached skill level 12 in Polearms
  8413 | D:9      | Noticed Erica
  8422 | D:9      | Killed Erica
  9126 | D:9      | Reached ****** piety under Trog
  9362 | D:10     | Entered Level 10 of the Dungeon
  9430 | D:10     | Reached skill level 13 in Polearms
  9518 | D:10     | Reached XP level 11. HP: 91/99 MP: 10/10
  9663 | D:10     | Reached skill level 10 in Fighting
  9696 | D:10     | Noticed a two-headed ogre
  9702 | D:10     | Killed a two-headed ogre
  9709 | D:10     | Reached skill level 14 in Polearms
 10097 | D:10     | Got a crystal dagger
 10442 | D:10     | Noticed a two-headed ogre
 10446 | D:10     | Killed a two-headed ogre
 10446 | D:10     | Reached skill level 10 in Armour
 10605 | D:10     | Received a gift from Trog
 10615 | D:10     | Found a staircase to the Orcish Mines.
 10841 | D:10     | Noticed a two-headed ogre
 10846 | D:10     | Killed a two-headed ogre
 10846 | D:10     | Reached skill level 15 in Polearms
 11322 | Lair:1   | Entered Level 1 of the Lair of Beasts
 11753 | Lair:1   | Reached XP level 12. HP: 110/110 MP: 11/11
 11944 | Lair:1   | Noticed a six-headed hydra
 11951 | Lair:1   | Killed an eight-headed hydra
 12131 | Lair:1   | Reached skill level 16 in Polearms
 12764 | Lair:2   | Noticed an eight-headed hydra
 12782 | Lair:2   | Killed a ten-headed hydra
 13036 | Lair:2   | Received a gift from Trog
 13103 | Lair:2   | Noticed Nergalle
 13141 | Lair:2   | Killed Nergalle
 13685 | Lair:2   | Reached skill level 17 in Polearms
 13815 | Lair:2   | Found a hole to the Spider Nest.
 14064 | Lair:3   | Reached skill level 1 in Axes
 14188 | Lair:3   | Noticed a four-headed hydra
 14196 | Lair:3   | Killed an eight-headed hydra
 14202 | Lair:3   | Found a staircase to the Swamp.
 14228 | Lair:3   | Reached XP level 13. HP: 51/119 MP: 12/12
 14753 | Lair:3   | Identified the +12 dagger of Dithmenos {vorpal, +Fly rElec
                  | Str+3 Int+2} (You found it on level 10 of the Dungeon)
 15202 | Lair:4   | Received a gift from Trog
 15952 | Lair:5   | Noticed Josephine
 15958 | Lair:5   | Killed Josephine
 16698 | Lair:6   | Entered Level 6 of the Lair of Beasts
 16698 | Lair:6   | Found a staircase to the Slime Pits.
 16698 | Lair:6   | Found a viscous altar of Jiyva.
 17037 | Lair:6   | Reached skill level 18 in Polearms
 17067 | Lair:6   | HP: 6/122 [spiny frog (6)]
 17067 | Lair:6   | Mangled by a komodo dragon

Illustrated notes

Levels and vault maps discovered:
D:1:      evilmike_arrival_crescent, layout_loops_ring, minmay_hexomino_c4
D:2:      layout_loops_ring, riverfiend_overflow_shadow_ancestor,
          marbit_many_paths, grunt_temple_overflow_open, first_ration
D:3:      minmay_bubble_buster, layout_basic, due_unseen_surprise
D:4:      layout_basic, grunt_temple_overflow_magic_moments,
          minmay_temple_entry_mist
D:5:      layout_loops_cross, eat_drink_and_be_merry_uskayaw
D:6:      layout_basic, lemuel_tele_altar
D:7:      layout_cave_pools, minmay_overflow_temple_star_quad,
          serial_gnoll_camp, grums_kennel, gnoll_camp_medium_01,
          gnoll_camp_mini_hut, gnoll_camp_mini_hut, gnoll_camp_medium_02,
          uniq_prince_ribbit1
D:8:      lemuel_insect_pit, layout_gridville, st_stairs_1
D:9:      minmay_slanted_spiral_squares, layout_basic, lair_entry_dummy,
          blue_anna_alchemist [blue_anna_fruit_fields, blue_anna_fruit_fields],
          uniq_erica
D:10:     minmay_the_grid_octo_tiled_squarecenter [minmay_the_grid_octo_77,
          minmay_the_grid_octo_teeth, minmay_the_grid_octo_clover_2,
          minmay_the_grid_octo_odd_swirl,
          minmay_the_grid_square_5x5_megaprize_diamond,
          minmay_the_grid_square_5x5_tri_point,
          minmay_the_grid_square_5x5_spiral, minmay_the_grid_square_5x5_inner_z,
          minmay_the_grid_square_5x5_misaligned], layout_basic,
          hiddenorc2_lemuel
Lair:1:   layout_roguey, st_stairs_4, minivault_24, minivault_27,
          grunt_forest_small_clearings, serial_bayou_shore_a
Lair:2:   lemuel_reptile_caves, layout_misc_corridors, spider_nest_entry_rubble,
          beast_lair_carwin_3, lemuel_fruit_tree, uniq_nergalle
Lair:3:   layout_loops_ring, swamp_mist
Lair:4:   layout_misc_corridors, infiniplex_staircase_pool
Lair:5:   layout_hall_layers, uniq_josephine
Lair:6:   evilmike_catoblepas_cave, layout_cave_pods, slime_altar_1,
          serial_bayou_crossing, uniq_sonja

Skill      XL: |  1  2  3  4  5  6  7  8  9 10 11 12 13 |
---------------+----------------------------------------+-----
Polearms       | 4 5 6 7 11 13 15 17 18 | 18.0
Fighting       | 4 5 7 8 9 11 12 13 | 13.3
Armour         | 3 4 5 7 9 10 11 12 | 12.6
Maces & Flails | 1 4 7 |  7.5
Dodging        | 3 4 |  4.3
Stealth        | 1 2 |  2.5
Axes           | 2 3 |  3.7
Throwing       | |  0.4
Shields        | |  0.2
Evocations     | |  0.3

Action                   |  1- 3 |  4- 6 |  7- 9 | 10-12 | 13-15 || total
-------------------------+-------+-------+-------+-------+-------++-------
Melee: Spear             |    82 |    36 |       |       |       ||   118
       Headbutt          |     8 |    25 |    42 |    89 |    29 ||   193
       Trident           |       |   106 |       |       |       ||   106
       Flail             |       |    19 |    44 |       |       ||    63
       Mace              |       |       |    68 |       |       ||    68
       Glaive            |       |       |   159 |   561 |   165 ||   885
       Broad axe         |       |       |       |    35 |       ||    35
       Dagger            |       |       |       |       |     5 ||     5
Throw: Stone             |     7 |     7 |       |       |       ||    14
Invok: Berserk           |     1 |     1 |     2 |     3 |     1 ||     8
       Trog's Hand       |       |       |       |       |     1 ||     1
Evoke: Wand              |       |       |       |     3 |       ||     3
  Use: Potion            |       |       |     1 |     2 |     2 ||     5
       Scroll            |       |       |     1 |     1 |     3 ||     5
 Stab: Distracted        |       |       |       |     1 |       ||     1
  Eat: Chunk             |     3 |     7 |    11 |    23 |     9 ||    53
       Ration            |       |       |     1 |     1 |       ||     2
Armor: Animal skin       |     4 |       |       |       |       ||     4
       Scale mail        |    29 |    33 |       |       |       ||    62
       Chain mail        |       |    10 |   192 |    57 |       ||   259
       Plate armour      |       |       |       |   291 |    65 ||   356
Dodge: Dodged            |    50 |    75 |   132 |   235 |    47 ||   539
Block: Buckler           |       |       |     5 |       |       ||     5
